[Event "Live Chess"]
[Site "Chess.com"]
[Date "2024.06.01"]
[Round "-"]
[White "GrahamCuthbert"]
[Black "CheckThis4"]
[Result "0-1"]
[WhiteElo "1021"]
[BlackElo "2676"]
[TimeControl "300"]
[EndTime "14:38:21 PDT"]
[Termination "CheckThis4 won by resignation"]

1. d4 e5 2. dxe5 Nc6 3. Nf3 Qe7 4. Bf4 Qb4+ 5. Bd2 Qxb2 6. Nc3 Nb4 7. Rb1 Nxc2+ 8. Qxc2 Qxc2 9. Nd4 Qg6 10. e3 Bc5 11. Nf3 Ne7 12. g3 d6 13. Bg2 Nc6 14. O-O dxe5 15. Nd5 Bd6 16. Nh4 Qe6 17. Rfc1 g5 18. Nf3 Qxd5 19. Ne1 Qxd2 20. Nf3 Qxa2 0-1

[Event "Live Chess"]
[Site "Chess.com"]
[Date "2024.06.01"]
[Round "-"]
[White "PughmanChess"]
[Black "lyricalschemes"]
[Result "0-1"]
[WhiteElo "1387"]
[BlackElo "2407"]
[TimeControl "300"]
[EndTime "14:38:21 PDT"]
[Termination "lyricalschemes won by resignation"]

1. e4 Nf6 2. e5 Nd5 3. Nf3 d6 4.
exd6 cxd6 5. Bc4 Nb6 6. Bb3 g6 7. Ng5 e6 8. Qf3 Qxg5 9. d4 Qxc1+ 10. Ke2 Qxh1 11. Qxf7+ Kxf7 12. Bxe6+ Bxe6 13. Nd2 Qxa1 0-1

[Event "Live Chess"]
[Site "Chess.com"]
[Date "2024.06.01"]
[Round "-"]
[White "IanCalvert2"]
[Black "WelshTiger"]
[Result "0-1"]
[WhiteElo "1642"]
[BlackElo "2517"]
[TimeControl "300"]
[EndTime "14:38:26 PDT"]
[Termination "WelshTiger won on time"]

1. b3 a6 2. Bb2 Nc6 3. Nf3 Nf6 4.
g3 d5 5. Bg2 Bg4 6. O-O e6 7.
c4 Be7 8. Ne5 Nxe5 9. Bxe5 c6 10. d3 O-O 11. Nd2 Nd7 12. Bc3 Bf6 13. Qc2 Rc8 14. Nf3 Bxf3 15. Bxf3 Bxc3 16. Qxc3 Qf6 17.
Qxf6 Nxf6 18. Rfc1 Rfe8 19. b4 dxc4 20. Rxc4 Red8 21. Rac1 Nd5 22. Bxd5 Rxd5 23. Rc5 Rcd8 24. a3 Kf8 25. Kf1 Ke7 26. Ke1 e5 27. R1c4 Ke6 28.
Kd2 h6 29. Rxd5 Rxd5 30. Kc3 f5 31. Kb3 g5 0-1

[Event "Live Chess"]
[Site "Chess.com"]
[Date "2024.06.01"]
[Round "-"]
[White "Stanbad1"]
[Black "chessfiction"]
[Result "0-1"]
[WhiteElo "2628"]
[BlackElo "2382"]
[TimeControl "300"]
[EndTime "14:38:31 PDT"]
[Termination "chessfiction won by resignation"]

1. d4 Nf6 2. Nc3 d6 3. e4 c6 4. Be3 Qb6 5. Rb1 Ng4 6. Bc1 e5 7. Nf3 Nd7 8. h3 Ngf6 9. dxe5 dxe5 10. Be3 Bc5 11. Bxc5 Nxc5 12. Nxe5 Ncxe4 13. Nxe4 Nxe4 14.
Qe2 Qa5+ 15. c3 Qxe5 16. f3 Qg3+ 17. Kd1 Be6 18. fxe4 Bxa2 19. Ra1 Bb3+ 20. Kc1 O-O-O 21. Rxa7 Qf4+ 22. Kb1 Rd1+ 23. Qxd1 Bxd1 24. Ra8+ Kc7 25. Rxh8 Qxe4+ 0-1

[Event "Live Chess"]
[Site "Chess.com"]
[Date "2024.06.01"]
[Round "-"]
[White "WorcesterYork"]
[Black "Cruiseylee78"]
[Result "1-0"]
[WhiteElo "2477"]
[BlackElo "1697"]
[TimeControl "300"]
[EndTime "14:38:32 PDT"]
[Termination "WorcesterYork won by resignation"]

1. e4 d6 2. d4 Nd7 3. Nc3 e5 4.
Nf3 h6 5. Bc4 c6 6. O-O Be7 7.
Re1 Ngf6 8. a4 g5 9. Be3 Qc7 10. a5 Nf8 11. a6 b6 12. d5 Ng6 13. dxc6 Be6 14. Nd5 Nxd5 15. exd5 Bf5 16. Nd2 Nf4 17.
Bxf4 gxf4 18. Bd3 Bg6 19. Bxg6 fxg6 20. Qg4 Rg8 21. Ne4 h5 22. Qe6 Rg7 23. Ra3 Qc8 24. Qxc8+ Rxc8 25. c4 g5 26. Nc3 g4 27. Nb5 Bf6 28.
Re4 f3 29. Nxd6+ Kd8 30. Nxc8 Kxc8 31. d6 fxg2 32. Kxg2 h4 33. Rae3 h3+ 34. Kg3 Rh7 35. Rxg4 Rh8 36. b4 1-0

[Event "Live Chess"]
[Site "Chess.com"]
[Date "2024.06.01"]
[Round "-"]
[White "kylet1990"]
[Black "AlexanderMatlak"]
[Result "0-1"]
[WhiteElo "734"]
[BlackElo "2433"]
[TimeControl "300"]
[EndTime "14:38:33 PDT"]
[Termination "AlexanderMatlak won by checkmate"]

1. e4 c5 2. Nc3 Nc6 3. f4 e6 4. Nf3 Nf6 5. e5 Nd5 6. Nxd5 exd5 7. d4 d6 8. dxc5 dxe5 9. Qe2 Bxc5 10. fxe5 O-O 11.
Be3 Qb6 12. Bxc5 Qxc5 13. O-O-O Bf5 14. h3 Rac8 15. g4 Be4 16. Bg2 Nb4 17. Kb1 Nxc2 18. Rc1 Na3+ 19. Ka1 Qxc1+ 20. Rxc1 Rxc1# 0-1

[Event "Live Chess"]
[Site "Chess.com"]
[Date "2024.06.01"]
[Round "-"]
[White "willc-h99"]
[Black "AndrewBak1"]
[Result "1-0"]
[WhiteElo "2622"]
[BlackElo "1869"]
[TimeControl "300"]
[EndTime "14:38:45 PDT"]
[Termination "willc-h99 won by resignation"]

1. d4 d5 2. Nf3 Nf6 3. e3 c5 4. c3 Nc6 5. dxc5 e5 6. b4 a5 7. Bb5 Qc7 8. Bb2 Bd7 9. a3 axb4 10. cxb4 b6 11. cxb6 Qxb6 12. Bxc6 1-0

[Event "Live Chess"]
[Site "Chess.com"]
[Date "2024.06.01"]
[Round "-"]
[White "upoe610"]
[Black "blunderabit"]
[Result "0-1"]
[WhiteElo "2218"]
[BlackElo "1803"]
[TimeControl "300"]
[EndTime "14:38:49 PDT"]
[Termination "blunderabit won by resignation"]

1. c4 e5 2. g3 Be7 3. Bg2 f5 4. d4 d6 5. dxe5 dxe5 6. Qxd8+ Bxd8 7. Nf3 Nd7 8. Nc3 c6 9. b3 Ba5 10. Bb2 Ngf6 11. O-O-O O-O 12. Ng5 Re8 13. a3 Bc7 14. e4 h6 15. Nh3 fxe4 16. Nxe4 Nxe4 17. Bxe4 Nc5 18. Bg2 Nxb3+ 19. Kc2 Nc5 20. Rhe1 Bf5+ 21. Kd2 Ba5+ 22. Ke2 Bxe1 23. Kxe1 Nd3+ 0-1

[Event "Live Chess"]
[Site "Chess.com"]
[Date "2024.06.01"]
[Round "-"]
[White "ACM42"]
[Black "Queensandpawns"]
[Result "0-1"]
[WhiteElo "2181"]
[BlackElo "2376"]
[TimeControl "300"]
[EndTime "14:39:08 PDT"]
[Termination "Queensandpawns won by resignation"]

1. e4 d5 2. exd5 c6 3. dxc6 Nxc6 4. Nf3 e5 5. d3 Bc5 6. Be3 Bxe3 7. fxe3 Nf6 8. e4 Ng4 9. h3 Ne3 10. Qd2 Qb6 11.
b3 Nb4 12. Na3 Qa5 13. Rc1 Nxf1 14. Rxf1 Qxa3 15. Nxe5 Be6 16. c3 Nxa2 17. Ra1 Qxb3 18. c4 Nb4 19. Ke2 Qc2 20. Rfb1 Qxd2+ 21. Kxd2 Nc6 22.
Nf3 O-O 23. Rxb7 Rfd8 24. Ke3 Rab8 25. Rab1 a5 26. Nd2 Rxb7 27. Rxb7 Nb4 0-1

[Event "Live Chess"]
[Site "Chess.com"]
[Date "2024.06.01"]
[Round "-"]
[White "ProfPoisson"]
[Black "Pandreq"]
[Result "0-1"]
[WhiteElo "1275"]
[BlackElo "1163"]
[TimeControl "300"]
[EndTime "14:39:11 PDT"]
[Termination "Pandreq won by checkmate"]

1. e4 Nf6 2. Nc3 Nc6 3. Bc4 e6 4. f4 a6 5. a4 Bc5 6. Nf3 Nd4 7.
d3 d5 8. exd5 exd5 9. Ba2 Bg4 10.
h3 Bxf3 11. gxf3 Qe7+ 12. Ne2 Nxf3+ 13. Kf1 O-O-O 14. Rb1 Rhe8 15. b4 Bxb4 16. c3 Bc5 17. d4 Bb6 18. Ng3 Nh4 19. Kf2 Ng6 20. Re1 Qd7 21.
Ba3 Qxh3 22. Rxe8 Rxe8 23. Qf1 Ng4+ 24. Kg1 Qh2# 0-1

[Event "Live Chess"]
[Site "Chess.com"]
[Date "2024.06.01"]
[Round "-"]
[White "SavagePawn7"]
[Black "dhairyapandyauk"]
[Result "0-1"]
[WhiteElo "671"]
[BlackElo "1654"]
[TimeControl "300"]
[EndTime "14:39:25 PDT"]
[Termination "dhairyapandyauk won by resignation"]

1. e4 e5 2. d4 Nc6 3. Nf3 exd4 4. c3 dxc3 5. Bc4 d6 6. Bxf7+ Kxf7 7. Ne5+ Nxe5 8. Nxc3 Qf6 9. Nd5 Qd8 10. Qh5+ g6 0-1

[Event "Live Chess"]
[Site "Chess.com"]
[Date "2024.06.01"]
[Round "-"]
[White "Rusty_Bridges"]
[Black "NeilDruggan73"]
[Result "0-1"]
[WhiteElo "1513"]
[BlackElo "1755"]
[TimeControl "300"]
[EndTime "14:39:36 PDT"]
[Termination "NeilDruggan73 won on time"]

1. e4 d6 2. d4 Nf6 3. Nc3 g6 4. Nf3 Bg7 5. Bc4 Nxe4 6. Nxe4 d5 7. Bb5+ c6 8. Nc3 cxb5 9. Nxb5 Qb6 10. a4 O-O 11. Be3 a6 12. Nc3 Qxb2 13. Nxd5 Nc6 14. O-O Bg4 15. Rb1 Bxf3 16. Qxf3 Qxc2 17. Rxb7 Nxd4 18.
Bxd4 Bxd4 19. Rxe7 Bg7 20. a5 Qc5 21. Rfe1 Qxa5 22.
h4 h5 23. Rb1 Rad8 24. Nf6+ Bxf6 25. Qxf6 Qa2 26. Rbb7 Qb1+ 27. Kh2 Rd1 28. Rxb1 Rxb1 29. Qxa6 Rbb8 30. Qe2 Kg7 31. f3 Rb4 32. Qe5+ Kg8 33.
Qf6 Rbb8 34. Kh3 Rbc8 35. g4 hxg4+ 36. Kxg4 Rcd8 37. f4 Rd1 38. h5 Rg1+ 39. Kf3 gxh5 40. Qh6 Rg6 41. Qxh5 Kg7 42. Re2 Rh8 43. Qe5+ Kf8 44.
Rd2 Rh3+ 45. Ke4 Re6 0-1

[Event "Live Chess"]
[Site "Chess.com"]
[Date "2024.06.01"]
[Round "-"]
[White "Pablo_dmp"]
[Black "JanMur7"]
[Result "0-1"]
[WhiteElo "2008"]
[BlackElo "2294"]
[TimeControl "300"]
[EndTime "14:39:52 PDT"]
[Termination "JanMur7 won by resignation"]

1. e4 e5 2. Nf3 Nc6 3. Bc4 Bc5 4. c3 Nf6 5. d4 exd4 6. e5 d5 7. Bb5 Ne4 8. cxd4 Bb4+ 9. Nbd2 O-O 10. O-O Bg4 11. h3 Nxd2 12. Bxd2 Bxf3 13. gxf3 Bxd2 14.
Qxd2 Qh4 15. Kh2 Qxd4 16. Bd3 Qxe5+ 17. f4 Qf6 18. Rg1 g6 19. f5 Ne5 20. Bc2 Nf3+ 0-1

[Event "Live Chess"]
[Site "Chess.com"]
[Date "2024.06.01"]
[Round "-"]
[White "gobbles19"]
[Black "GEMdzq"]
[Result "1/2-1/2"]
[WhiteElo "2273"]
[BlackElo "2315"]
[TimeControl "300"]
[EndTime "14:39:54 PDT"]
[Termination "Game drawn by repetition"]

1. Nf3 Nf6 2. c4 c5 3. g3 g6 4.
Bg2 Bg7 5. Nc3 O-O 6. d3 Nc6 7. O-O d5 8. cxd5 Nxd5 9. Bd2 Be6 10. Rc1 b6 11. a3 Rc8 12. Ng5 Nxc3 13. Bxc3 Bd5 14.
e4 Be6 15. Nxe6 fxe6 16. Bh3 Qd7 17. Qb3 Nd8 18. Rcd1 Rc6 19. Bxg7 Kxg7 20. Rfe1 Qd4 21. Qc3 e5 22. Qxd4 cxd4 23. Rc1 Rff6 24. Bd7 Rc5 25. b4 Rxc1 26. Rxc1 Rd6 27. Bb5 Ne6 28. Kg2 Kf6 29.
h4 h5 30. Rc8 Rd8 31. Rc2 g5 32. hxg5+ Kxg5 33. Rc6 Rd6 34. Rc8 Rd8 35. Rc6 Rd6 36. Rc8 Rd8 37. Rc6 1/2-1/2

[Event "Live Chess"]
[Site "Chess.com"]
[Date "2024.06.01"]
[Round "-"]
[White "peteopeteo"]
[Black "StoreySniper"]
[Result "0-1"]
[WhiteElo "1574"]
[BlackElo "2529"]
[TimeControl "300"]
[EndTime "14:40:12 PDT"]
[Termination "StoreySniper won by resignation"]

1. e4 g6 2. d4 Bg7 3. Be3 c5 4.
Nf3 Qa5+ 5. Nc3 Nf6 6. e5 Ne4 7.
Qd3 Nxc3 8. Qxc3 Qxc3+ 9. bxc3 Nc6 10. Bd3 O-O 11. O-O b6 12. Rfd1 Bb7 13. Bf4 Rfd8 14. d5 Na5 15. c4 d6 16. Rab1 Ba6 17. exd6 exd6 18. Nd2 Bc3 19. Re1 Bxd2 20. Bxd2 Nxc4 21. Bc3 b5 22. Re7 Nb6 23. Bxb5 Bxb5 24. Rxb5 Nxd5 25.
Rbb7 Nxe7 26. Rxe7 Re8 27. Bf6 Rxe7 28. Bxe7 Re8 0-1

[Event "Live Chess"]
[Site "Chess.com"]
[Date "2024.06.01"]
[Round "-"]
[White "McFim"]
[Black "MagnersCarlsberg2870"]
[Result "1-0"]
[WhiteElo "1623"]
[BlackElo "1758"]
[TimeControl "300"]
[EndTime "14:40:15 PDT"]
[Termination "McFim won by resignation"]

1. e4 e5 2. Nf3 Nf6 3. Nxe5 Nc6 4.
Nxc6 dxc6 5. Nc3 Bc5 6. h3 Qd4 7. Qf3 O-O 8. d3 Qd6 9. Bd2 Be6 10. a3 a5 11. g3 b5 12. Bg2 b4 13. axb4 axb4 14. Rxa8 Rxa8 15. Nd1 Ra1 16. O-O Qd7 17. Kh2 h6 18. Qe2 Kh8 19. f4 Qe7 20. Be3 Bxe3 21. Nxe3 Rxf1 22. Nxf1 Nd7 23. d4 Qf6 24. c3 bxc3 25.
bxc3 Nb6 26. e5 Qf5 27. Qe4 Nd5 28. Qxf5 Bxf5 29. c4 Nb6 30. Ne3 Bd3 31. c5 Nc4 32. Nxc4 Bxc4 33. Bxc6 Kg8 34. d5 Kf8 35. d6 cxd6 36.
cxd6 Be6 37. g4 f6 38. Kg3 g5 39. f5 1-0

[Event "Live Chess"]
[Site "Chess.com"]
[Date "2024.06.01"]
[Round "-"]
[White "agamilewska"]
[Black "KnightStripes"]
[Result "1-0"]
[WhiteElo "1764"]
[BlackElo "903"]
[TimeControl "300"]
[EndTime "14:40:18 PDT"]
[Termination "agamilewska won by checkmate"]

1. e4 c6 2. d4 d5 3. exd5 cxd5 4. Nc3 Nf6 5. Nf3 Bg4 6. Bb5+ Nc6 7. h3 Bxf3 8. Qxf3 Qb6 9. Bxc6+ Qxc6 10. O-O e6 11. Bg5 Be7 12. Bxf6 Bxf6 13. Rfe1 O-O 14. Rad1 Qb6 15.
Qg4 Bxd4 16. Qxd4 Qxb2 17. Re3 Qxc2 18. Rg3 f6 19. Nxd5 exd5 20. Qxd5+ Kh8 21. Qd7 Rab8 22.
Qxg7# 1-0

[Event "Live Chess"]
[Site "Chess.com"]
[Date "2024.06.01"]
[Round "-"]
[White "jellhhggffhjjjjjj"]
[Black "road2gm5000"]
[Result "0-1"]
[WhiteElo "404"]
[BlackElo "1092"]
[TimeControl "300"]
[EndTime "14:40:42 PDT"]
[Termination "road2gm5000 won by checkmate"]

1. d4 d5 2. Nf3 Nf6 3. Bf4 Bg4 4.
e3 e6 5. h3 Bh5 6. g4 Bg6 7. Nh4 Be4 8. Rg1 c5 9. c3 cxd4 10.
cxd4 Qa5+ 11. Nc3 Bb4 12. Qd2 Bxc3 13. Qxc3 Qxc3+ 14. bxc3 Nc6 15. Bg2 Bxg2 16. Rxg2 Ne4 17. Ke2 Nxc3+ 18. Kf3 Ne4 19. g5 g6 20. Rb1 Nd2+ 21.
Ke2 Nxb1 22. Rg1 Nc3+ 23. Kd3 Ne4 24. f3 Ne5+ 25. Bxe5 Nf2+ 26. Ke2 Nxh3 27. Rg3 Nxg5 28. Rxg5 Rf8 29. Kd3 f6 30. Bxf6 Rxf6 31. Re5 O-O-O 32. Ng2 Re8 33. Nf4 g5 34. Nxd5 Rxf3 35. Ke2 Rf5 36.
Rxf5 exf5 37. Kf3 h5 38. Nf6 Rh8 39. Nd5 h4 40. Ne7+ Kd7 41. Ng6 Rh6 42. Ne5+ Ke6 43. Kg2 h3+ 44. Kh2 g4 45. Kg3 h2 46. Nxg4 fxg4 47.
Kf4 h1=Q 48. d5+ Kxd5 49. a4 Qe4+ 50. Kg3 Rh3+ 51. Kf2 Qf3+ 52. Ke1 Rh1+ 53. Kd2 Rd1+ 54. Kc3 Qxe3+ 55. Kb2 Qc1+ 56. Kb3 Rd3+ 57. Ka2 Ra3# 0-1

[Event "Live Chess"]
[Site "Chess.com"]
[Date "2024.06.01"]
[Round "-"]
[White "lyricalschemes"]
[Black "FlyingChessKestrel13"]
[Result "1-0"]
[WhiteElo "2425"]
[BlackElo "2058"]
[TimeControl "300"]
[EndTime "14:40:57 PDT"]
[Termination "lyricalschemes won by resignation"]

1. e4 c5 2. Nf3 Nc6 3. Bb5 e6 4. O-O a6 5. Bxc6 bxc6 6. c3 Nf6 7. e5 Nd5 8. d4 cxd4 9. cxd4 c5 10. Nc3 Nxc3 11. bxc3 cxd4 12. cxd4 Be7 13. d5 exd5 14.
Qxd5 Rb8 15. Bf4 Bb7 16. Qd3 O-O 17. Rfd1 Bc6 18. Nd4 Qc7 19. Nf5 Bc5 20. Qg3 g6 21. e6 d6 22. exf7+ Kh8 23. Qc3+ 1-0

[Event "Live Chess"]
[Site "Chess.com"]
[Date "2024.06.01"]
[Round "-"]
[White "nigelst"]
[Black "Tushinskiy"]
[Result "1-0"]
[WhiteElo "1681"]
[BlackElo "2258"]
[TimeControl "300"]
[EndTime "14:41:01 PDT"]
[Termination "nigelst won by checkmate"]

1. e4 e5 2. Nf3 d6 3. d4 Bg4 4. dxe5 Nd7 5. Be2 dxe5 6. Nc3 Ngf6 7. O-O c6 8. h3 Bh5 9. Bg5 Qc7 10. Bh4 Be7 11. g4 Bg6 12. Bd3 Nc5 13. Re1 Ne6 14. Bg3 h5 15. Bxe5 Qb6 16. g5 Nh7 17. h4 f6 18. gxf6 gxf6 19. Bg3 O-O-O 20. Qd2 Rhg8 21.
Kh2 Nc5 22. Rab1 Bd6 23. b4 Bxg3+ 24. fxg3 Nxd3 25. cxd3 f5 26. Qe3 fxe4 27. Qxb6 axb6 28. Nxe4 Rxd3 29. Ne5 Bxe4 30. Rxe4 Rdxg3 31. Rb2 Nf6 32. Rf4 Nd5 33. Rf7 Nf4 34. Rxf4 Re3 35. Nf7 Rgg3 36. Nd6+ Kc7 37. Ne8+ Kb8 38. Nf6 Rh3+ 39. Kg2 Reg3+ 40. Kf2 Ra3 41. Re2 Rh2+ 42. Ke1 Rh1+ 43. Kf2 Rh2+ 44. Ke1 Rxe2+ 45. Kxe2 Rxa2+ 46. Kf3 Ra3+ 47. Ke4 Ra4 48.
Kf5 Ra1 49. Nxh5 c5 50. bxc5 bxc5 51. Nf6 Rh1 52. Kg5 Kc7 53. h5 b5 54. Rh4 Rg1+ 55.
Kf5 b4 56. h6 b3 57. Nd5+ Kd6 58. Nc3 Rg3 59. Ne4+ Kc6 60. Nxg3 b2 61. Rh1 c4 62. Ne4 Kd5 63. h7 Kd4 64. h8=Q+ Kd3 65. Qxb2 Ke3 66. Qc3+ Ke2 67. Qxc4+ Ke3 68. Qc3+ Ke2 69.
Rh2+ Kf1 70. Qa1# 1-0

[Event "Live Chess"]
[Site "Chess.com"]
[Date "2024.06.01"]
[Round "-"]
[White "cymbalshift"]
[Black "CarmelJane"]
[Result "1-0"]
[WhiteElo "1562"]
[BlackElo "2067"]
[TimeControl "300"]
[EndTime "14:41:18 PDT"]
[Termination "cymbalshift won by resignation"]

1. d4 Nf6 2. Nc3 g6 3. e4 d6 4. f4 Bg7 5. Nf3 a6 6. Bd3 Nbd7 7. a4 b6 8. O-O Bb7 9. h3 O-O 10. g4 c5 11. g5 Nh5 12. d5 Rc8 13. Qe1 c4 14. Be2 Nc5 15. f5 Bxc3 16. bxc3 Nxe4 17. Nd4 Bxd5 18. Bxh5 gxh5 19. Qh4 f6 20. g6 e5 21. Qxh5 Rc7 22. Bh6 Ng3 23. Kh2 Nxf1+ 24. Rxf1 exd4 25. Rg1 Kh8 26. g7+ Rxg7 27. Bxg7+ Kg8 28. Bxf6+ 1-0

[Event "Live Chess"]
[Site "Chess.com"]
[Date "2024.06.01"]
[Round "-"]
[White "MellowAesthetic"]
[Black "hapehansen"]
[Result "0-1"]
[WhiteElo "2067"]
[BlackElo "2259"]
[TimeControl "300"]
[EndTime "14:41:22 PDT"]
[Termination "hapehansen won on time"]

1. e4 d5 2. exd5 Qxd5 3. Nc3 Qa5 4. d4 Nf6 5. Nf3 c6 6. Ne5 Be6 7. Rb1 Nbd7 8. b4 Qc7 9. Bf4 Nxe5 10. Bxe5 Qd8 11. b5 Nd7 12. bxc6 bxc6 13. Bg3 Qa5 14. Qd2 Nb6 15. Be2 Nc4 16. Qd3 g6 17. O-O Bg7 18. Bf3 Bd5 19. Nxd5 cxd5 20. Rfe1 e6 21. Bc7 Qxc7 22. Bxd5 O-O 23. Bxc4 Rac8 24. Bb3 Rfd8 25. d5 exd5 26. Bxd5 Bc3 27. Re4 Qd6 28. Rc4 Rxc4 29. Bxc4 Qf6 30. Qe2 Kg7 31. Rf1 h5 32.
Bd3 Bd4 33. Qe4 Rd7 0-1

[Event "Live Chess"]
[Site "Chess.com"]
[Date "2024.06.01"]
[Round "-"]
[White "vincents82"]
[Black "BishopofWells"]
[Result "1-0"]
[WhiteElo "2094"]
[BlackElo "1538"]
[TimeControl "300"]
[EndTime "14:41:24 PDT"]
[Termination "vincents82 won by resignation"]

1. e4 e6 2. d4 d5 3. Nd2 Nf6 4. e5 Nfd7 5. Bd3 c5 6. c3 cxd4 7. cxd4 Qb6 8. Ne2 Nc6 9. Nf3 Bb4+ 10. Bd2 O-O 11. a3 Bxd2+ 12. Qxd2 h6 13. O-O Qd8 14. Rac1 Nb6 15. Bb1 Ne7 16. Qd3 Ng6 17. h4 f5 18.
exf6 Rxf6 19. h5 Ne7 20. Qh7+ Kf7 21. Ne5+ Kf8 22. Qh8+ Ng8 23. Bh7 Ke7 24. Qxg8 Qxg8 25. Bxg8 Bd7 26. Nxd7 Kxd7 27. Bh7 Nc4 28. Rc2 Raf8 29.
Bd3 Ne3 30. Ng3 Nxc2 31. Bxc2 Rf4 32. Ne2 Rh4 33. g3 Rxh5 34. Nf4 Rg5 35. Kh2 Kd6 36. Nd3 Rgf5 37. Kg2 h5 38. f4 R8f6 39. Ne5 Rf8 40. Bxf5 Rxf5 41. Kf3 Rf8 42. Rc1 g5 43. Rc3 h4 44.
Nd3 h3 45. Rc2 Rh8 46. fxg5 h2 47. Nf2 h1=Q+ 48. Nxh1 Rxh1 49. Kg4 Rh8 50. g6 Rg8 51. Kg5 e5 52. dxe5+ Kxe5 53. Re2+ Kd6 54. Kf6 Rf8+ 55. Kg7 Rf3 56. g4 Rf4 57. g5 Rg4 58. Kf6 Rf4+ 59. Kg7 Rg4 60. Kh7 Rxg5 61. g7 d4 62. g8=Q Rxg8 63.
Kxg8 Kd5 64. Kf7 Kc4 65. Ke7 Kd3 66. Rh2 Kc4 67. Kd6 b5 68. Kc6 a5 69. Kb6 b4 70. Kxa5 bxa3 71. bxa3 Kc3 72. Kb5 d3 73. a4 d2 74. Rxd2 Kxd2 75. a5 1-0

[Event "Live Chess"]
[Site "Chess.com"]
[Date "2024.06.01"]
[Round "-"]
[White "crais6"]
[Black "booktrunk"]
[Result "1-0"]
[WhiteElo "1630"]
[BlackElo "1420"]
[TimeControl "300"]
[EndTime "14:41:33 PDT"]
[Termination "crais6 won by resignation"]

1. e4 b6 2. d4 Bb7 3. Nc3 e6 4.
Nf3 h6 5. Bd3 Bb4 6. O-O Nf6 7.
a3 Bxc3 8. bxc3 Nxe4 9. Re1 Nxc3 10. Qd2 Nd5 11. c4 Nf6 12. Bb2 Bxf3 13. gxf3 O-O 14.
Qf4 d6 15. Kh1 Nbd7 16. Rg1 Nh5 17. Qxh6 Ndf6 18. d5 e5 19. Rg2 Qd7 20. Rag1 g6 1-0

[Event "Live Chess"]
[Site "Chess.com"]
[Date "2024.06.01"]
[Round "-"]
[White "Crowded_House"]
[Black "Mikhail_Golubev"]
[Result "0-1"]
[WhiteElo "1732"]
[BlackElo "2602"]
[TimeControl "300"]
[EndTime "14:41:55 PDT"]
[Termination "Mikhail_Golubev won by resignation"]

1. d4 Nf6 2. Bg5 Ne4 3. Bh4 d5 4. Nd2 Nd6 5. c3 g6 6. e3 Bg7 7. Bd3 Bf5 8. Qc2 Bxd3 9. Qxd3 Nd7 10. Ngf3 O-O 11. O-O Nf5 12. Bg3 Nxg3 13. hxg3 e5 14. dxe5 Nxe5 15. Nxe5 Bxe5 16. Nf3 Bg7 17. Rfd1 c6 18.
Rd2 Qe7 19. Rad1 Rfe8 20. b3 a5 21. c4 dxc4 22. Qxc4 Red8 23. Qc2 Bf6 24. Kf1 Rxd2 25. Rxd2 a4 26. bxa4 Qb4 27. Qb3 Rxa4 28. Qxb4 Rxb4 29.
Ke2 c5 30. Rc2 c4 31. Nd4 Bxd4 32. exd4 b5 33. Kd2 Kf8 34. Kc3 Rb1 35. Rb2 Rxb2 36. Kxb2 Ke7 37. Kc3 Kd6 38. a4 bxa4 39. Kxc4 a3 40. Kb3 Kd5 41. Kxa3 Kxd4 42. Kb3 Kd3 43. Kb4 Ke2 44. Kc5 Kxf2 45. Kd5 Kxg3 46. Ke5 Kxg2 47. Kf6 h5 48. Kxf7 h4 49. Kxg6 h3 50. Kf5 h2 51. Ke4 h1=Q 52. Ke5 Qf1 53. Kd4 Qe2 54. Kd5 Qe3 55. Kc6 Qd4 56. Kc7 Qd5 57. Kc8 Qd6 58. Kb7 Qc5 59. Kb8 Qe7 60. Kc8 Kf3 61. Kb8 Ke4 0-1

[Event "Live Chess"]
[Site "Chess.com"]
[Date "2024.06.01"]
[Round "-"]
[White "Zhevzh1k7"]
[Black "Dhaydon19"]
[Result "0-1"]
[WhiteElo "1104"]
[BlackElo "2683"]
[TimeControl "300"]
[EndTime "14:42:05 PDT"]
[Termination "Dhaydon19 won by checkmate"]

1. e4 c6 2. d4 d5 3. f3 e5 4. dxe5 dxe4 5. Qxd8+ Kxd8 6. fxe4 Nd7 7. Nf3 h6 8. Bc4 Ke8 9. Nc3 Ne7 10. O-O Nb6 11. Bb3 Ng6 12. Nd4 Nxe5 13. Bf4 Nbd7 14. Bxe5 Nxe5 15.
Nf3 Nxf3+ 16. Rxf3 f6 17. Rd1 Bc5+ 18. Kh1 Bg4 19. Rg3 Bxd1 20. Nxd1 Rd8 21. c3 g5 22. h3 Rd2 23. Kh2 Bd6 24. Ne3 Rd3 25. Nf5 Bxg3+ 26. Nxg3 Rxg3 27. Kxg3 Ke7 28. Kg4 Kf8 29. Kf5 Kg7 30.
g4 Re8 31. Be6 Rd8 32. Bc4 Rd2 33. b4 Rc2 34. Bb3 Rxc3 35. Ba4 Rxh3 36. b5 cxb5 37. Bxb5 Rc3 38. a4 Rc5+ 39. Ke6 Re5+ 40. Kd6 Rxe4 41. Kc7 a6 42. Kxb7 axb5 43. axb5 Rxg4 44. Kb6 Rb4 45. Ka6 Rxb5 46. Kxb5 f5 47. Kc4 h5 48.
Kd3 h4 49. Ke2 h3 50. Kf1 g4 51. Kg1 Kf6 52. Kh1 Kg5 53. Kh2 Kh4 54. Kh1 f4 55.
Kh2 f3 56. Kh1 g3 57. Kg1 Kg4 58. Kh1 Kf4 59. Kg1 Ke3 60. Kh1 Ke2 61. Kg1 f2+ 62. Kh1 f1=Q# 0-1

[Event "Live Chess"]
[Site "Chess.com"]
[Date "2024.06.01"]
[Round "-"]
[White "degringolade64"]
[Black "ogpin"]
[Result "0-1"]
[WhiteElo "2136"]
[BlackElo "2204"]
[TimeControl "300"]
[EndTime "14:42:11 PDT"]
[Termination "ogpin won by resignation"]

1. e4 a5 2. d4 Ra6 3. Bxa6 Nxa6 4. Nf3 b6 5. O-O Bb7 6. Re1 e6 7. a3 Qa8 8. Qd3 c5 9. c3 g6 10. Bf4 Bg7 11. Bd6 Nf6 12. Nbd2 Bf8 13. Nc4 Bxe4 14.
Rxe4 Qxe4 15. Qxe4 Nxe4 16. Bxf8 Kxf8 17. Nxb6 Kg7 18. Nxd7 cxd4 19. cxd4 Rd8 20. Nde5 Rb8 21. b4 axb4 22. axb4 Nxb4 23. Ra7 Nd6 24. h4 Rb7 25. Ra8 Nd5 26. Rd8 Nf5 27. Ng5 Nxd4 28. Nexf7 Rxf7 29. Nxf7 Kxf7 30. Kf1 Nf5 31. g3 Nf6 32. Ke2 Ne7 33. Ra8 Nfd5 34. g4 h5 35. f3 Nf4+ 36. Kf2 Kf6 37. g5+ Ke5 38. Ra5+ Nfd5 39. Ra4 Nf5 40. Re4+ Kd6 41. Kg2 e5 42. Kf2 Nf4 43. Ra4 Nxh4 44. Ra6+ Kd5 45. Ra5+ Ke6 46. Ra6+ Kf5 47. Rf6+ Kxg5 0-1

[Event "Live Chess"]
[Site "Chess.com"]
[Date "2024.06.01"]
[Round "-"]
[White "PughmanChess"]
[Black "WorcesterYork"]
[Result "0-1"]
[WhiteElo "1387"]
[BlackElo "2477"]
[TimeControl "300"]
[EndTime "14:42:11 PDT"]
[Termination "WorcesterYork won by resignation"]

1. e4 c5 2. Nc3 Nc6 3. f4 e6 4. Nf3 d5 5. Bb5 Ne7 6. e5 Bd7 7. O-O Nf5 8. Ne2 Be7 9. c3 c4 10. d4 cxd3 11. Qxd3 Qb6+ 12. Kh1 h5 13. Bxc6 bxc6 14.
Nfd4 Nxd4 15. cxd4 c5 16. Be3 Bb5 17. Qd2 Bxe2 18.
Qxe2 cxd4 19. Bf2 Rc8 20. a4 Qb4 21. Qb5+ Qxb5 22. axb5 Bc5 23. b4 Bb6 24. Rfc1 Kd7 25. Rd1 Rc4 26. Rac1 Rhc8 27. Rb1 g6 28. h4 R8c7 29.
Kh2 d3 30. Bxb6 axb6 31. Rxd3 Rxf4 32. Rf3 Rxf3 33. gxf3 Rc4 34. Kg3 Ke7 35. Rb3 f6 36.
exf6+ Kxf6 37. f4 Kf5 38. Kf3 Rxf4+ 39. Kg3 Rg4+ 40. Kh3 e5 41. Rf3+ Rf4 42. Rg3 Rxb4 43. Rxg6 Kxg6 0-1

[Event "Live Chess"]
[Site "Chess.com"]
[Date "2024.06.01"]
[Round "-"]
[White "Queensandpawns"]
[Black "upoe610"]
[Result "1-0"]
[WhiteElo "2381"]
[BlackElo "2213"]
[TimeControl "300"]
[EndTime "14:42:12 PDT"]
[Termination "Queensandpawns won by resignation"]

1. d4 Nf6 2. Nc3 d5 3. Bf4 c5 4. e3 e6 5. Nb5 Na6 6. a4 cxd4 7. exd4 Be7 8. Nf3 O-O 9. c3 Bd7 10.
Bd3 Nh5 11. Be3 Nc7 12. Ne5 Nf6 13. g4 Nxb5 14. axb5 a6 15. g5 Ne4 16. Qg4 axb5 17.
Rxa8 Qxa8 18. Nxd7 Qa1+ 19. Qd1 Qxb2 20. Nxf8 Qxc3+ 21. Kf1 Bxf8 22. Qc2 Qa1+ 23. Kg2 Qa3 24. Bxe4 dxe4 25.
Qxe4 g6 26. Rc1 1-0